 Dungeon Crawl Stone Soup version 0.28-a0-845-gfc338a8e3c (webtiles) character file.

Game seed: 16290300510742330769

567 BinkBink the Covert (level 7, -4/37 HPs)
             Began as a Vampire Enchanter on Nov 13, 2021.
             Slain by a killer bee (7 damage)
             ... on level 5 of the Dungeon.
             The game lasted 00:14:02 (5811 turns).

BinkBink the Covert (Vampire Enchanter)             Turns: 5811, Time: 00:14:03

Health: -4/37      AC:  2    Str:  7    XL:     7   Next: 11%
Magic:  10/11      EV: 13    Int: 17    God:
Gold:   7          SH:  0    Dex: 17    Spells: 7/12 levels left

rFire   . . .      SeeInvis +   a - +1 dagger
rCold   + + .      Faith    .   (no shield)
rNeg    + + +      Spirit   .   b - +0 robe
rPois   ∞          Reflect  .   (no helmet)
rElec   .          Harm     .   (no cloak)
rCorr   .          Rampage  .   (no gloves)
Will    .....                   (no boots)
Stlth   +++++++...              (no amulet)
HPRegen 0.00/turn               (no ring)
MPRegen 0.12/turn               (no ring)

@: bloodless, inhibited regen
A: bloodless, fangs 3, see invisible, vampiric 2
a: Bat Form, Revivify


You were on level 5 of the Dungeon.
You visited 1 branch of the dungeon, and saw 5 of its levels.

You collected 224 gold pieces.
You spent 217 gold pieces at shops.

Inventory:

Hand Weapons
 a - a +1 dagger (weapon)
Armour
 b - a +0 robe (worn)
Scrolls
 e - 3 scrolls of teleportation
 f - 6 scrolls of identify
 h - 2 scrolls of magic mapping
 i - 3 scrolls of immolation
 k - a scroll of enchant weapon {unknown}
 m - a scroll of torment {unknown}
 o - a scroll of blinking {unknown}
 p - a scroll of vulnerability {unknown}
 q - a scroll of amnesia
Potions
 c - a potion of invisibility
 d - 2 potions of heal wounds {unknown}
 g - a potion of magic {unknown}
 j - a potion of haste {unknown}
 l - a potion of attraction {unknown}
 n - a potion of curing {unknown}


   Skills:
 + Level 0.7 Fighting
 + Level 2.4 Short Blades
 + Level 2.5 Dodging
 * Level 10.3 Stealth
 + Level 3.1 Spellcasting
 - Level 5.0 Hexes
 + Level 1.7 Ice Magic


You had 7 spell levels left.
You knew the following spells:

 Your Spells              Type           Power      Damage    Failure   Level
a - Ensorcelled Hibernat  Hex/Ice        28%        N/A       7%          2
b - Confusing Touch       Hex            19%        N/A       7%          3

Your spell library contained the following spells:

 Spells                   Type           Power      Damage    Failure   Level
 Tukima's Dance           Hex            19%        N/A       7%          3
 Dazzling Flash           Conj/Hex       22%        N/A       19%         3


Dungeon Overview and Level Annotations

Branches:
Dungeon (5/15)
 Temple: D:4-7

Altars:
Nemelex Xobeh
Sif Muna
The Shining One

Shops:
D:1 ?


Innate Abilities, Weirdness & Mutations

You do not regenerate when monsters are visible.
You are frail without blood (-20% HP).
You can heal yourself when you bite living creatures.
You are immune to poison.
You have razor-sharp teeth.
You have supernaturally acute eyesight. (SInv)
You are afflicted with vampirism and can become a bat while bloodless.


Message History

You skewer the killer bee like a kebab!!!
You kill the killer bee!
Your Stealth skill increases to level 10!
A killer bee comes into view.
Found a scroll labelled GISAPNU NOIRCH.
The helpless killer bee fails to defend itself.
You stick the killer bee like a pincushion!!!
You kill the killer bee!
Your Spellcasting skill increases to level 3!
You have reached level 7!
The helpless killer bee fails to defend itself.
You perforate the killer bee like a sieve!!!
You kill the killer bee!
The killer bee buzzes angrily.
The killer bee stings you.
Casting: Ensorcelled Hibernation (safe; 7% risk of failure)
Confirm with . or Enter, or press ? or * to list all spells.
Aiming: Ensorcelled Hibernation (safe; 7% risk of failure)
Press: ? - help, Shift-Dir - straight line, f - killer bee
Aim: a killer bee (chance to affect: 53%)
The killer bee resists with significant effort.
The killer bee barely misses you. x2
The killer bee stings you but does no damage.
The killer bee closely misses you. The killer bee stings you.
The killer bee barely misses you. The killer bee closely misses you.
The killer bee stings you! The killer bee stings you.
The killer bee stings you! The killer bee barely misses you.
The killer bee misses you. The killer bee closely misses you.
The killer bee barely misses you. 2 orcs come into view.
The killer bee stings you.
* * * LOW HITPOINT WARNING * * *
The killer bee stings you.
* * * LOW HITPOINT WARNING * * *
The orc moves out of view. x2
The killer bee closely misses you. The killer bee barely misses you.
There is an escape hatch in the ceiling here.
The killer bee stings you!
You die...

#### #.#
##.###..#######..##
....>......o......#
#......# .....
####..## #..#
#....###..#
#.....y..#
......##oy@.# ###
......####...##
?..## ....##
#....####....# ?...
##...##<..# #...
####....## ..
##..## #.## #.# #.#


You could see 2 killer bees and an orc wizard.

Vanquished Creatures
  An ogre (D:4)
  A scorpion (D:4)
  3 killer bees (D:5)
  A jelly (D:4)
  An iguana (D:4)
  A hound skeleton (D:4)
  4 gnolls
  12 adders
  An adder skeleton (D:4)
  A dart slug (D:4)
  4 orcs
  5 ball pythons
  5 endoplasms
  A giant cockroach (D:4)
  6 goblins
  8 hobgoblins
  4 jackals
  3 quokkas
  6 bats
  2 frilled lizards
  5 kobolds
  2 rats (D:3)
77 creatures vanquished.

Vanquished Creatures (others)
  3 plants (D:3)
3 creatures vanquished.

Grand Total: 80 creatures vanquished

Notes
Turn   | Place    | Note
-------+----------+-------------------------------------------
     0 | D:1      | BinkBink the Vampire Enchanter began the quest for the Orb.
     0 | D:1      | Reached XP level 1. HP: 13/13 MP: 3/3
   474 | D:1      | Found a faded altar of an unknown god.
   508 | D:1      | Reached XP level 2. HP: 15/15 MP: 5/5
   644 | D:1      | Found Umap's Magic Scroll Shop.
   653 | D:1      | Bought a scroll of identify for 28 gold pieces
   794 | D:1      | Reached skill level 5 in Stealth
  1050 | D:2      | Reached skill level 5 in Hexes
  1066 | D:2      | Learned a level 2 spell: Ensorcelled Hibernation
  1278 | D:2      | Gained mutation: You are afflicted with vampirism and can
                  | become a bat while bloodless. [Vampire growth]
  1278 | D:2      | Reached XP level 3. HP: 19/19 MP: 6/6
  1808 | D:2      | Reached skill level 6 in Stealth
  1919 | D:2      | Reached XP level 4. HP: 24/24 MP: 7/7
  3131 | D:2      | Reached skill level 1 in Ice Magic
  3348 | D:3      | Reached XP level 5. HP: 28/28 MP: 8/8
  3386 | D:3      | Reached skill level 7 in Stealth
  4321 | D:3      | Found a shimmering blue altar of Sif Muna.
  4334 | D:3      | Found a sparkling altar of Nemelex Xobeh.
  4550 | D:1      | Bought a scroll of teleportation for 42 gold pieces
  4550 | D:1      | Bought a scroll of immolation for 49 gold pieces
  4550 | D:1      | Bought a scroll of magic mapping for 49 gold pieces
  4708 | D:4      | Noticed an ogre
  4713 | D:4      | Killed an ogre
  4714 | D:4      | Reached skill level 8 in Stealth
  4714 | D:4      | Reached XP level 6. HP: 33/33 MP: 8/10
  4913 | D:4      | Learned a level 3 spell: Confusing Touch
  5364 | D:4      | Reached skill level 9 in Stealth
  5732 | D:1      | Bought a scroll of amnesia for 49 gold pieces
  5788 | D:5      | Entered Level 5 of the Dungeon
  5798 | D:5      | Reached skill level 10 in Stealth
  5801 | D:5      | Reached XP level 7. HP: 37/37 MP: 11/11
  5811 | D:5      | Slain by a killer bee

Illustrated notes

Levels and vault maps discovered:
D:1:      minmay_arrival_hallway, layout_basic, serial_shops, shop,
          dreamdust_ecumenical_altar_angels_and_demons, minmay_splitting_lines
D:2:      layout_rooms
D:3:      layout_basic, gammafunk_temple_overflow_forgotten
D:4:      layout_loops_corners, chequers_jeans, fountainhead,
          minmay_pentomino_pile
D:5:      layout_layer_cave, uniq_edmund, uniq_pikel

Skill      XL: |  1  2  3  4  5  6 |
---------------+-------------------+-----
Stealth        | 5 6 8 10 | 10.3
Hexes          | 5 |  5.0
Short Blades   | 2 |  2.4
Ice Magic      | 1 |  1.7
Spellcasting   | 3 |  3.1
Fighting       | |  0.7
Dodging        | |  2.5

Action                   |  1- 3 |  4- 6 |  7- 9 || total
-------------------------+-------+-------+-------++-------
Melee: Dagger            |    52 |   110 |     1 ||   163
       Bite              |     3 |     5 |       ||     8
 Cast: Ensorcelled Hiber |    16 |    49 |     1 ||    66
 Abil: Exsanguinate      |     1 |       |       ||     1
 Stab: Sleeping          |    14 |    50 |     1 ||    65
Armor: Robe              |     7 |    17 |     1 ||    25
Dodge: Dodged            |    40 |    81 |    11 ||   132

Table legend: (Time is in decaauts)
 A = Elapsed time spent in this place.
 B = Non-inter-level travel time spent in this place.
 C = Inter-level travel time spent in this place.
 D = Time resting spent in this place.
 E = Time spent auto-exploring this place.
 F = Levels seen in this place.
 G = Mean time per level.
                   A        B        C        D        E       F      G
               +--------+--------+--------+--------+--------+-----+--------+
         Total |   5811 |   5250 |    561 |      0 |   4295 |   5 | 1162.2 |
       Dungeon |   5811 |   5250 |    561 |      0 |   4295 |   5 | 1162.2 |
               +--------+--------+--------+--------+--------+-----+--------+

Top non-repeatable levels by time:
     D:1: 2435 daAuts
     D:2: 1316 daAuts
     D:4: 1053 daAuts
     D:3: 984 daAuts
     D:5: 22 daAuts
